 Dungeon Crawl Stone Soup version 0.23-a0-171-g5ae17c6 (webtiles) character file.

12 Amnesiac the Chiller (level 2, -6/19 HPs)
             Began as a Mummy Ice Elementalist on Sept 15, 2018.
             Killed from afar by an orc wizard (10 damage)
             ... with a magic dart
             ... on level 3 of the Dungeon.
             The game lasted 00:01:51 (823 turns).

Amnesiac the Chiller (Mummy Ice Elementalist)        Turns: 823, Time: 00:01:52

Health: -6/19      AC:  2    Str: 11    XL:     2   Next: 20%
Magic:  0/5        EV: 12    Int: 14    God:
Gold:   13         SH:  0    Dex: 12    Spells: 5/6 levels left

rFire    x . .     SeeInvis .   b - +0 dagger (speed)
rCold    + . .     Gourm    .   (no shield)
rNeg     + + +     Faith    .   a - +0 robe
rPois    ∞         Spirit   .   (no helmet)
rElec    .         Reflect  .   (no cloak)
rCorr    .         Harm     .   (no gloves)
MR       .....                  (no boots)
Stlth    ++........             (no amulet)
HPRegen  0.06/turn              (no ring)
MPRegen  0.09/turn              (no ring)

@: very slightly contaminated
A: no food or potions, fire vulnerability, cold resistance 1, negative energy
resistance 3, torment resistance, unbreathing
a: no special abilities


You were on level 3 of the Dungeon.
You were not hungry.

You visited 1 branch of the dungeon, and saw 3 of its levels.

You collected 13 gold pieces.

Inventory:

Hand Weapons
 b - a +0 dagger of speed (weapon)
Armour
 a - a +0 robe (worn)
Wands
 f - a wand of acid (8)
Scrolls
 c - a scroll of enchant armour {!r, unknown}
 d - a scroll of remove curse {!r, unknown}
 e - a scroll of amnesia {!r, unknown}
 g - a scroll of identify {!r, unknown}


   Skills:
 - Level 1.5 Dodging
 - Level 1.5 Stealth
 + Level 2.9 Spellcasting
   Level 0.7 Conjurations
 * Level 2.9 Ice Magic


You had 5 spell levels left.
You knew the following spells:

 Your Spells              Type           Power        Failure   Level  Hunger
a - Freeze                Ice            ##..         6%          1    N/A

Your spell library contained the following spells:

 Spells                   Type           Power        Failure   Level  Hunger
 Throw Frost              Conj/Ice       #.....       16%         2    N/A
 Ozocubu's Armour         Chrm/Ice       #.......     34%         3    N/A
 Throw Icicle             Conj/Ice       #.......     69%         4    N/A
 Summon Ice Beast         Ice/Summ       #.......     75%         4    N/A

Dungeon Overview and Level Annotations

Branches:
Dungeon (3/15)

Altars:


Innate Abilities, Weirdness & Mutations

You do not eat or drink.
Your flesh is vulnerable to fire.
You are immune to poison.
Your flesh is cold resistant. (rC+)
You are immune to negative energy. (rN+++)
You are immune to unholy pain and torment.
You can survive without breathing.


Message History

The bat hits you but does no damage. The bat hits you.
The orc wizard casts a spell.
The orc wizard seems to speed up.
The bat hits you but does no damage.
Casting: Freeze (safe; 6% risk of failure)
Confirm with . or Enter, or press ? or * to list all spells.
You don't know that spell.
Casting: Freeze (safe; 6% risk of failure)
Confirm with . or Enter, or press ? or * to list all spells.
Aiming: Freeze (safe; 6% risk of failure)
Press: ? - help, Shift-Dir - straight line, f - bat
Aim: a bat You miscast Freeze.
You are very lightly contaminated with residual magic.
You feel a strange surge of energy! The bat barely misses you.
The bat closely misses you.
Casting: Freeze (safe; 6% risk of failure)
Confirm with . or Enter, or press ? or * to list all spells.
Aiming: Freeze (safe; 6% risk of failure)
Press: ? - help, Shift-Dir - straight line, f/p - bat
Aim: a bat You freeze the bat.
You kill the bat!
The orc wizard looks satisfied for a moment.
Casting: Freeze (safe; 6% risk of failure)
Confirm with . or Enter, or press ? or * to list all spells.
Aiming: Freeze (safe; 6% risk of failure)
Press: ? - help, Shift-Dir - straight line, f - orc wizard
Aim: an orc wizard, wielding a dagger and wearing a robe (fast)
You freeze the orc wizard.
The orc wizard is moderately wounded.
The orc wizard gestures at you while chanting.
The magic dart hits you!
Casting: Freeze (safe; 6% risk of failure)
Confirm with . or Enter, or press ? or * to list all spells.
Aiming: Freeze (safe; 6% risk of failure)
Press: ? - help, Shift-Dir - straight line, f/p - orc wizard
Aim: an orc wizard, wielding a dagger and wearing a robe (moderately wounded, You freeze the orc wizard.
The orc wizard is heavily wounded.
The orc wizard gestures at you while chanting.
The magic dart hits you!
* * * LOW HITPOINT WARNING * * *
The orc wizard misses you.
Casting: Freeze (safe; 6% risk of failure)
Confirm with . or Enter, or press ? or * to list all spells.
Aiming: Freeze (safe; 6% risk of failure)
Press: ? - help, Shift-Dir - straight line, f/p - orc wizard
Aim: an orc wizard, wielding a dagger and wearing a robe (heavily wounded, You freeze the orc wizard.
The orc wizard is heavily wounded.
The orc wizard misses you.
Casting: Freeze (safe; 6% risk of failure)
Confirm with . or Enter, or press ? or * to list all spells.
Aiming: Freeze (safe; 6% risk of failure)
Press: ? - help, Shift-Dir - straight line, f/p - orc wizard
Aim: an orc wizard, wielding a dagger and wearing a robe (heavily wounded, You freeze the orc wizard.
The orc wizard is severely wounded.
The orc wizard points at you and mumbles some strange words.
The magic dart hits you!
Ouch! That really hurt!
You die...

...##..##o# #....# .#.
#..##.####....#
#..#..##.........#
#.....##.###.....#.#
#.#......o.........# #
#..###.###..######.#
##.###.....o.......#
......[..oo########
##.###.###.@####### ..
..............##
#..##.............######
#.###..###<......... #
#..# ###..##### #..#
#.......# #..# ###..##.#
#..# #..##.# #..#
#..##.#


You could see an orc wizard and 2 orcs.

Vanquished Creatures
  A leopard gecko (D:1)
  A ball python (D:1)
  2 hobgoblins (D:3)
  3 bats
  3 frilled lizards
  A goblin (D:2)
  A kobold (D:3)
  A rat (D:1)
13 creatures vanquished.

Notes
Turn   | Place    | Note
-------+----------+-------------------------------------------
     0 | D:1      | Amnesiac the Mummy Ice Elementalist began the quest for the
                  | Orb.
     0 | D:1      | Reached XP level 1. HP: 13/13 MP: 4/4
   570 | D:2      | Reached XP level 2. HP: 19/19 MP: 1/5
   823 | D:3      | Killed from afar by an orc wizard

Vault maps used:
D:1:      dpeg_arrival_rooms_b, minmay_misc_feat_iff
D:2:      overflow_temple_1_default, kennysheep_minor_cross
D:3:      first_ration, uniq_grinder

Action                   || total
-------------------------++-------
Melee: Dagger            ||     4
 Cast: Freeze            ||    22
Armor: Robe              ||    10
Dodge: Dodged            ||    23

Table legend:
 A = Non-vault XP
 B = Vault XP
 C = Vault XP percentage of total XP
 D = Non-vault monster count
 E = Vault monster count
 F = Vault count percentage of total count
                 A         B        C        D         E       F
            +---------+---------+-------+---------+---------+-------
      Total |      18 |       0 |   0.0 |      13 |       0 |   0.0
            +---------+---------+-------+---------+---------+-------
        D:1 |       6 |       0 |   0.0 |       3 |       0 |   0.0
        D:2 |       3 |       0 |   0.0 |       3 |       0 |   0.0
        D:3 |       9 |       0 |   0.0 |       7 |       0 |   0.0
            +---------+---------+-------+---------+---------+-------
